 Dungeon Crawl Stone Soup version 0.30.0-16-gbe6223bb7e (webtiles) character file.

Game seed: 16480555460812726197

4 browni3141 the Caller (level 1, -3/13 HPs)
             Began as a Mummy Summoner on May 20, 2023.
             Slain by a kobold
             ... wielding a +3 dagger
              (6 damage)
             ... on level 1 of the Dungeon.
             The game lasted 00:01:45 (152 turns).

browni3141 the Caller (Mummy Summoner)               Turns: 152, Time: 00:01:46

Health: -3/13      AC:  2    Str: 11    XL:     1   Next: 58%
Magic:  0/4        EV: 12    Int: 14    God:
Gold:   0          SH:  0    Dex: 12    Spells: 4/5 levels left

rFire   x . .        (no weapon)
rCold   + . .        (no shield)
rNeg    + + +        a - +0 robe
rPois   ∞            (no helmet)
rElec   .            (no cloak)
rCorr   .            (no gloves)
SInv    .            (no boots)
Will    .....        (no amulet)
Stlth   ++           (no ring)
HPRegen 0.22/turn    (no ring)
MPRegen 0.09/turn

%: faith
@: no status effects
A: cold resistance 1, negative energy resistance 3, torment resistance 2, heat
vulnerability 1, no potions, faith
a: no special abilities


You were on level 1 of the Dungeon.
You visited 1 branch of the dungeon, and saw 1 of its levels.

Inventory:

Armour
 a - a +0 robe (worn)
Scrolls
 b - a scroll of fear {unknown}


   Skills:
 + Level 1.6 Dodging
 + Level 1.7 Stealth
 + Level 2.8 Spellcasting
 + Level 3.3 Summonings


You had 4 spell levels left.
You knew the following spells:

 Your Spells              Type           Power      Damage    Failure   Level
z - Summon Small Mammal   Summ           44%        N/A       5%          1

Your spell library contained the following spells:

 Spells                   Type           Power      Damage    Failure   Level
 Call Imp                 Summ           22%        N/A       9%          2
 Call Canine Familiar     Summ           11%        N/A       17%         3
 Summon Guardian Golem    Hex/Summ       6%         N/A       32%         3
 Summon Lightning Spire   Summ/Air       6%         N/A       73%         4


Dungeon Overview and Level Annotations

Branches:
Dungeon (1/15)

Altars:


Innate Abilities, Weirdness & Mutations

You are immune to poison.
Your flesh is cold resistant. (rC+)
You are immune to negative energy. (rN+++)
You are immune to unholy pain and torment.
You are vulnerable to heat. (rF-)
You do not drink.
You have a special connection with the divine. (Faith)


Message History

The ball python misses your bat. The ball python bites your bat.
The ball python misses your bat.
A hobgoblin comes into view.
Your bat barely misses the ball python.
The ball python bites your bat.
Your bat dies!
Your bat's corpse disappears in a puff of smoke!
You enter the shallow water.
Moving in this stuff is going to be slow.
The ball python attacks as you move away!
The ball python barely misses you.
The ball python attacks as you move away!
The ball python barely misses you. The ball python closely misses you.
The ball python bites you. The ball python grabs you.
The ball python constricts you.
* * * LOW HITPOINT WARNING * * *
Casting: Summon Small Mammal (safe; 5% risk of failure)
Press: ? - help, Q - select action Dir - look around, f - activate The ball python closely misses you.
The ball python constricts you.
You escape the ball python's grasp.
The ball python attacks as you move away!
The ball python closely misses you. The ball python barely misses you.
Your bat misses the kobold.
Your bat closely misses the kobold.
The ball python attacks as you move away!
The ball python barely misses you.
Your bat hits the kobold but does no damage.
You enter the shallow water.
Moving in this stuff is going to be slow.
A rat comes into view.
Your bat barely misses the kobold.
The ball python closely misses you. The ball python grabs you.
The ball python constricts you.
* * * LOW HITPOINT WARNING * * *
The ball python bites you.
* * * LOW HITPOINT WARNING * * *
The ball python constricts you.
You escape the ball python's grasp.
You enter the shallow water.
Moving in this stuff is going to be slow.
Your bat barely misses the rat.
The ball python bites you but does no damage.
The ball python barely misses you.
Casting: Summon Small Mammal (safe; 5% risk of failure)
Press: ? - help, Q - select action Dir - look around, f - activate Your bat hits the rat but does no damage.
Your bat misses the kobold. The rat barely misses your bat.
The ball python bites you.
* * * LOW HITPOINT WARNING * * *
The ball python grabs you. The ball python constricts you.
You escape the ball python's grasp.
The ball python attacks as you move away!
The ball python bites you.
* * * LOW HITPOINT WARNING * * *
The ball python closely misses you.
Your bat hits the ball python. x2
The kobold hits your bat with a +3 dagger.
Your bat dies!
Your bat's corpse disappears in a puff of smoke!
The ball python attacks as you move away!
The ball python misses you.
Your rat misses the ball python.
The ball python attacks as you move away!
The ball python bites you.
* * * LOW HITPOINT WARNING * * *
The ball python closely misses you.
The ball python bites you but does no damage.
The ball python grabs you. The ball python constricts you.
Casting: Summon Small Mammal (safe; 5% risk of failure)
Press: ? - help, Q - select action Dir - look around, f - activate Your rat completely misses the ball python.
The ball python closely misses you. The ball python constricts you.
The rat bites your rat.
You escape the ball python's grasp.
The ball python attacks as you move away!
The ball python barely misses you. The ball python closely misses you.
Your rat bites the ball python.
The ball python dies!
The rat closely misses your rat.
Your rat bites the rat.
The rat dies!
The kobold hits your rat with a +3 dagger.
Your rat dies!
Your rat's corpse disappears in a puff of smoke!
Your rat misses the kobold. Your rat misses the kobold.
Your rat bites the kobold.
You enter the shallow water.
Moving in this stuff is going to be slow.
Casting: Summon Small Mammal (safe; 5% risk of failure)
Press: ? - help, Q - select action Dir - look around, f - activate You enter the shallow water.
Moving in this stuff is going to be slow.
Your quokka barely misses the kobold.
You barely miss the kobold.
The kobold is moderately wounded.
The kobold hits you with a +3 dagger.
* * * LOW HITPOINT WARNING * * *
Your rat barely misses the kobold.
You closely miss the kobold.
The kobold is moderately wounded.
Your quokka splashes around in the water.
The kobold hits you with a +3 dagger.
You die...

≈.#~.########.~#
~.#~.....K.§..~#.~#
~.#~~~~~.§~§~~~#.~#
~.######''######.~#
~.#............#.~#
~.#≈≈≈≈≈..≈≈≈§§#.~#
~.#≈≈≈≈≈..≈≈≈≈≈#.~#
~.#............#.~#
K.######''######@~#
~8#.....<......#8K#
~.##############rr#
~..8..........8..~#
~~~~~~~~~~~~~~~~~~#
.###############.##
.# #.# .# #.# .#
#.#


You could see a kobold (ally target), a friendly quokka (summoned) and a
friendly rat (summoned).

Vanquished Creatures (collateral kills)
  2 ball pythons (D:1)
  An endoplasm (D:1)
  A bat (D:1)
  A rat (D:1)
5 creatures vanquished.

Notes
Turn   | Place    | Note
-------+----------+-------------------------------------------
     0 | D:1      | browni3141 the Mummy Summoner began the quest for the Orb.
     0 | D:1      | Reached XP level 1. HP: 13/13 MP: 4/4
    36 | D:1      | Found a faded altar of an unknown god.
    37 | D:1      | Noticed a shining eye
    48 | D:1      | Noticed a golden eye
   152 | D:1      | Slain by a kobold

Illustrated notes

Levels and vault maps discovered:
D:1:      lightli_arrival_isolated_outpost, layout_loops_ring,
          hellmonk_ecumenical_altar_watching_god, serial_shops,
          nicolae_shop_tiny_real_fake_doors

Action                     || total
---------------------------++-------
  Melee: Unarmed           ||     4
   Cast: Summon Small Mamm ||    12
 Armour: Robe              ||     6
  Dodge: Dodged            ||    27
